 Dungeon Crawl Stone Soup version 0.19.3-1-g3169bf9 (webtiles) character file.

47950 DarkTechnomancer the Slicer (level 14, -1/72 HPs)
             Began as a Vine Stalker Enchanter on Jan 25, 2017.
             Was a High Priest of Ashenzari.
             Slain by a four-headed hydra (4 damage)
             ... on level 6 of the Lair of Beasts.
             The game lasted 01:47:41 (16575 turns).

DarkTechnomancer the Slicer (VSEn)                 Turns: 16575, Time: 01:47:41

Health: -1/72      AC: 12    Str: 11    XL:     14   Next: 44%
Magic:  0/37       EV: 18    Int: 19    God:    Ashenzari [*****.]
Gold:   998        SH:  9    Dex: 16    Spells: 6 memorised, 19 levels left

rFire  + . .     SeeInvis +     Q - +1 rapier (vamp) (curse)
rCold  + . .     Gourm    .     Y - +2 leather armour {rC+} (curse)
rNeg   . . .     Faith    .     D - +0 buckler (curse)
rPois  .         Spirit   +     c - +1 hat
rElec  .         Reflect  +     w - +2 cloak {+Inv} (curse)
rCorr  .         Harm     .     (no gloves)
MR     +....     Clarity  +     f - +2 pair of boots
Stlth  ++++......               i - +3 amulet of reflection (curse)
                                k - ring of magical power (curse)
                                u - ring of protection from fire (curse)

@: repel missiles
A: fangs 3, regeneration 2, magic shield, antimagic bite, no device heal 3, rot
immunity
a: Curse Item, Scrying, Transfer Knowledge, Renounce Religion, Evoke
Invisibility


You were on level 6 of the Lair of Beasts.
You worshipped Ashenzari.
Ashenzari was extremely pleased with you.
You were not hungry.

You visited 3 branches of the dungeon, and saw 17 of its levels.

You collected 1338 gold pieces.
You spent 340 gold pieces at shops.

Inventory:

Hand Weapons
 Q - a cursed +1 vampiric rapier (weapon)
Missiles
 e - 476 stones (quivered)
 z - 3 throwing nets
Armour
 c - a +1 hat (worn)
 f - a +2 pair of boots (worn)
 w - a cursed +2 cloak of invisibility (worn)
 D - a cursed +0 buckler (worn)
 Y - a cursed +2 leather armour of cold resistance (worn)
Jewellery
 i - a cursed +3 amulet of reflection (around neck)
 k - a cursed ring of magical power (right hand)
 l - a +3 ring of strength
 u - a cursed ring of protection from fire (left hand)
 K - an uncursed ring of wizardry
 O - an uncursed ring of flight
Wands
 a - a wand of polymorph (6/24)
 y - a wand of paralysis (9/24)
 H - a wand of iceblast (12/15)
 J - a wand of hasting (3/9)
 T - a wand of digging (11/24)
 V - a wand of teleportation (3/9)
 Z - a wand of disintegration (8/24)
Scrolls
 b - 5 scrolls of identify
 n - 3 scrolls of teleportation
 o - 7 scrolls of recharging
 p - 2 scrolls of fog
 v - 3 scrolls of amnesia
 F - 2 scrolls of blinking
 P - 5 scrolls of enchant armour
 R - 2 scrolls of fear
Potions
 h - 4 potions of invisibility
 q - 2 potions of brilliance
 r - 2 potions of resistance
 s - a potion of berserk rage {unknown}
 t - a potion of cancellation {unknown}
 x - 3 potions of flight
 A - 2 potions of magic {unknown}
 B - 3 potions of haste
 E - 2 potions of cure mutation {unknown}
 G - 3 potions of curing {unknown}
 S - 2 potions of might {unknown}
Books
 j - a book of Flames

   Spells                             Type                      Level
   a - Flame Tongue                   Conjuration/Fire             1
   b - Throw Flame                    Conjuration/Fire             2
   c - Conjure Flame                  Conjuration/Fire             3
   d - Inner Flame                    Hexes/Fire                   3
   e - Sticky Flame                   Conjuration/Fire             4
   f - Fireball                       Conjuration/Fire             5
Comestibles
 d - 13 bread rations
 g - 7 meat rations
 m - 13 royal jellies
 C - 4 beef jerkies
 I - 2 chunks of flesh
 M - 11 slices of pizza
 U - 10 fruits


   Skills:
 + Level 7.8 Fighting
 + Level 10.3(14.0) Short Blades
 + Level 8.8 Dodging
 - Level 9.9 Stealth
 - Level 3.8(6.3) Shields
 + Level 9.8 Spellcasting
 - Level 9.8(13.6) Hexes
 - Level 6.7(10.7) Ice Magic
 + Level 5.7(9.7) Evocations


You had 19 spell levels left.
You knew the following spells:

 Your Spells              Type           Power        Failure   Level  Hunger
a - Ensorcelled Hibernat  Hex/Ice        ######       1%          2    None
b - Corona                Hex            ######.      1%          1    None
c - Confuse               Hex            ######..     1%          3    None
d - Dazzling Spray        Conj/Hex       #####.       1%          3    None
j - Blink                 Tloc           N/A          12%         2    None
q - Repel Missiles        Chrm/Air       ##....       12%         2    None


Dungeon Overview and Level Annotations

Branches:
Dungeon (10/15)            Temple (1/1) D:5            Lair (6/6) D:8
  Swamp (0/4) Lair:2        Snake (0/4) Lair:2        Slime (0/5) Lair:6
    Orc (0/2) D:9

Altars:
Ashenzari
Cheibriados
Dithmenos
Elyvilon
Fedhas
Gozag
Hepliaklqana
Kikubaaqudgha
Makhleb
Nemelex Xobeh
Okawaru
Qazlal
Ru
Sif Muna
Trog
Uskayaw
Vehumet
Xom
Yredelemnul
Zin
The Shining One

Shops:
D:10 ((*


Innate Abilities, Weirdness & Mutations

You have razor-sharp teeth.
You heal very quickly.
When hurt, damage is shared between your health and your magic reserves.
Your bite disrupts and absorbs the magic of your enemies.
Potions and wands cannot restore your health.
You are immune to rotting.


Message History

The four-headed hydra easily resists.
You block the crocodile's attack. The four-headed hydra bites you!
The four-headed hydra barely misses you.
The four-headed hydra completely misses you.
You block the four-headed hydra's attack.
The iguana bites you!
Casting: Ensorcelled Hibernation
Confirm with . or Enter, or press ? or * to list all spells.
Aiming: Ensorcelled Hibernation
Press: ? - help, Shift-Dir - straight line, f/p - four-headed hydra
Aim: a four-headed hydra (chance to defeat MR: 37%)
The four-headed hydra easily resists.
The crocodile barely misses you. The four-headed hydra bites you!
* * * LOW HITPOINT WARNING * * *
The four-headed hydra bites you!
* * * LOW HITPOINT WARNING * * *
The four-headed hydra bites you.
* * * LOW HITPOINT WARNING * * *
The four-headed hydra bites you.
You die...

, ** * ≈≈ #.........#* **
,*≈,, #..........* *** , ≈
≈ #.........#** *, *
#........##*, ,* * ,≈,,, *
#.........P*,, * *
,**##..%......., ,, , ≈, ≈
*, , #...†.....P.#, , , *
,** ♣#.†.........., , , ,
,,*≈≈ * ♣♣♣♣.t@......... ,
, , ,
≈≈.♣≈.≈Pl.D..............
** ,
≈≈≈≈≈.........##.#..... *
≈.♣♣≈≈........##.#..... *
*♣**♣♣≈.......###.......,
♣P.......P#.......# ######
##..[............ ##....##
###........P.# ,,{
##....#.#####.######%P.P.#∆
, ,


You could see a four-headed hydra, a crocodile and an iguana.

Vanquished Creatures
  Gastronok (Lair:3)
  Harold (D:10)
  Erica (D:9)
  5 hydras
  The ghost of Hood the Covert, a novice OpBe of Trog (Lair:1)
  An unseen horror (D:10)
  Pikel (D:8)
  A wolf spider (Lair:6)
  Maurice (D:9)
  6 black mambas (Lair:6)
  6 elephants (Lair:6)
  Joseph (D:10)
  A guardian serpent (Lair:6)
  14 spiny frogs
  A torpor snail (Lair:3)
  3 rime drakes
  7 komodo dragons
  The ghost of miculber the Skirmisher, an amateur DsMo (D:5)
  A queen bee (Lair:4)
  3 meliai (Lair:4)
  A polar bear (Lair:2)
  Grinder (D:3)
  9 hippogriffs
  4 hornets (Lair:6)
  3 slime creatures (D:9)
  Prince Ribbit (D:6)
  17 blink frogs
  4 dream sheep (Lair:6)
  A redback (Lair:6)
  Sigmund (D:4)
  55 yaks
  3 wyverns (Lair:6)
  4 hogs (D:8)
  2 hungry ghosts
  3 fire bats (Lair:4)
  A human (D:8)
  4 vampire mosquitoes
  A steam dragon (Lair:6)
  4 wargs (D:9)
  8 water moccasins
  Duvessa (D:6)
  10 porcupines
  4 sky beasts
  A necrophage (D:8)
  3 orc warriors
  An ice beast (D:7)
  A slave (D:8)
  8 ogres
  A swamp drake (Lair:6)
  A phantom (D:8)
  7 centaurs
  3 wolves
  11 crocodiles
  A big kobold (D:7)
  10 bullfrogs
  Dowan (D:6)
  2 scorpions
  27 killer bees
  3 wights (D:7)
  4 crimson imps
  2 bullfrog zombies
  2 centaur zombies
  A quasit (D:8)
  Crazy Yiuf (D:7)
  6 hounds
  7 jellies
  5 orc priests
  A centaur skeleton (D:7)
  6 orc wizards
  3 bullfrog skeletons
  Natasha (thrice) (D:3)
  5 worker ants
  A hound zombie (D:7)
  A hound skeleton (D:7)
  A worker ant zombie (D:3)
  3 gnolls (D:3)
  A howler monkey skeleton (D:3)
  15 adders
  2 river rats (Lair:6)
  An ooze (D:1)
  2 adder zombies
  4 adder skeletons
  3 worms
  2 leopard geckos
  43 orcs
  9 giant cockroaches
  4 goblins
  14 hobgoblins
  14 jackals
  A quokka (D:3)
  6 bats
  6 frilled lizards
  A giant cockroach zombie (D:3)
  15 kobolds
  2 leopard gecko skeletons
  2 leopard gecko zombies (D:3)
  8 rats
487 creatures vanquished.

Vanquished Creatures (others)
  2 slaves (D:8)
  22 fungi
  15 plants
39 creatures vanquished.

Grand Total: 526 creatures vanquished

Notes
Turn   | Place    | Note
-------+----------+-------------------------------------------
     0 | D:1      | DarkTechnomancer the Vine Stalker Enchanter began the quest for the Orb.
     0 | D:1      | Reached XP level 1. HP: 9/9 MP: 4/4
   225 | D:1      | Reached XP level 2. HP: 12/13 MP: 4/6
   639 | D:1      | Reached XP level 3. HP: 16/16 MP: 7/7
   643 | D:1      | Learned a level 2 spell: Ensorcelled Hibernation
   647 | D:1      | Learned a level 3 spell: Confuse
   867 | D:1      | Reached skill level 5 in Stealth
  1022 | D:2      | Reached skill level 1 in Short Blades
  1240 | D:2      | Gained mutation: Your natural rate of healing is unusually fast. [Vine Stalker growth]
  1240 | D:2      | Reached XP level 4. HP: 18/21 MP: 5/8
  1308 | D:2      | Found a faded altar of an unknown god.
  1637 | D:3      | Reached skill level 2 in Short Blades
  1836 | D:3      | Reached XP level 5. HP: 24/24 MP: 9/9
  2003 | D:3      | Noticed Natasha
  2005 | D:3      | Killed Natasha
  2071 | D:3      | Reached skill level 3 in Short Blades
  2081 | D:3      | Reached XP level 6. HP: 22/28 MP: 7/10
  2129 | D:3      | Noticed Natasha
  2204 | D:3      | Killed Natasha
  2279 | D:3      | Noticed Natasha
  2288 | D:3      | Killed Natasha
  2840 | D:3      | Noticed Grinder
  2855 | D:3      | Paralysed by Grinder for 4 turns
  2863 | D:3      | HP: 1/28 [Grinder (1)]
  2864 | D:3      | Killed Grinder
  2864 | D:3      | Reached skill level 4 in Short Blades
  2864 | D:3      | Reached XP level 7. HP: 1/32 MP: 1/11
  3446 | D:4      | Reached skill level 5 in Short Blades
  3677 | D:4      | Noticed Sigmund
  3699 | D:4      | Killed Sigmund
  3699 | D:4      | Reached skill level 1 in Ice Magic
  3699 | D:4      | Gained mutation: You have razor-sharp teeth. [Vine Stalker growth]
  3699 | D:4      | Reached XP level 8. HP: 36/36 MP: 0/12
  3794 | D:4      | Found Ratogoof's Food Shop.
  3862 | D:5      | Entered Level 5 of the Dungeon
  3862 | D:5      | Noticed miculber's ghost (amateur DsMo)
  3905 | D:5      | Killed miculber's ghost
  4009 | D:5      | Found a staircase to the Ecumenical Temple.
  4019 | Temple   | Entered the Ecumenical Temple
  4085 | Temple   | Became a worshipper of Ashenzari the Shackled
  4118 | Temple   | Learned a level 3 spell: Dazzling Spray
  4165 | D:5      | Reached skill level 5 in Hexes
  4421 | D:5      | Found a white marble altar of Elyvilon.
  4786 | D:6      | Reached XP level 9. HP: 39/39 MP: 15/15
  4912 | D:6      | Found a shimmering altar of Xom.
  4925 | D:6      | Noticed Prince Ribbit
  4927 | D:6      | Found an opulent altar of Gozag.
  4932 | D:6      | Killed Prince Ribbit
  4932 | D:6      | Reached skill level 5 in Ice Magic
  5058 | D:6      | Found a sparkling altar of Nemelex Xobeh.
  5261 | D:6      | Noticed Duvessa
  5263 | D:6      | Noticed Dowan
  5266 | D:6      | Killed Duvessa
  5275 | D:6      | Killed Dowan
  5653 | D:7      | Reached * piety under Ashenzari
  5781 | D:7      | Reached skill level 1 in Fighting
  5936 | D:7      | Identified the +4 war axe of Dumarph {chop, rC++ Dex+2}
  5945 | D:7      | Reached skill level 5 in Dodging
  6144 | D:7      | Reached XP level 10. HP: 46/46 MP: 18/18
  6424 | D:7      | Found a runed door.
  6428 | D:7      | Noticed Crazy Yiuf
  6432 | D:7      | Killed Crazy Yiuf
  6682 | D:8      | Found a staircase to the Lair.
  6698 | D:8      | Reached ** piety under Ashenzari
  6735 | D:8      | Reached skill level 5 in Spellcasting
  6962 | D:8      | Noticed Pikel
  6971 | D:8      | Killed Pikel
  7035 | D:8      | Reached skill level 1 in Shields
  7189 | D:8      | Reached skill level 6 in Short Blades
  7474 | D:8      | Found an opulent altar of Gozag.
  7672 | D:8      | Found a snail-covered altar of Cheibriados.
  7849 | D:9      | Noticed Maurice
  7857 | D:9      | Killed Maurice
  8018 | D:9      | Found a staircase to the Orcish Mines.
  8046 | D:9      | Reached XP level 11. HP: 45/52 MP: 20/20
  8179 | D:9      | Noticed Erica
  8198 | D:9      | Killed Erica
  8552 | D:9      | Reached skill level 7 in Short Blades
  8623 | D:10     | Entered Level 10 of the Dungeon
  8630 | D:10     | Found Anirph's Antique Weapon Boutique.
  8631 | D:10     | Noticed Joseph
  8640 | D:10     | Killed Joseph
  8721 | D:10     | Noticed Harold
  8731 | D:10     | Killed Harold
  8741 | D:10     | Found Tiuthrila's Antique Weapon Emporium.
  8850 | D:10     | Bought a glowing rapier for 340 gold pieces
  8907 | D:10     | Found an opulent altar of Gozag.
  8921 | D:10     | Noticed an unseen horror
  8924 | D:10     | Killed an unseen horror
  8984 | D:10     | Found Jafeopp's Assorted Antiques.
  9316 | D:10     | Reached *** piety under Ashenzari
  9407 | Lair:1   | Entered Level 1 of the Lair of Beasts
  9474 | Lair:1   | Noticed Hood's ghost (novice OpBe)
  9611 | Lair:1   | Killed Hood's ghost
  9683 | Lair:1   | Reached skill level 8 in Short Blades
  9755 | Lair:1   | Learned a level 2 spell: Blink
  9758 | Lair:1   | Learned a level 2 spell: Repel Missiles
  9962 | Lair:1   | Gained mutation: You heal very quickly. [Vine Stalker growth]
  9962 | Lair:1   | Reached XP level 12. HP: 58/58 MP: 23/23
 10885 | Lair:2   | Reached skill level 5 in Fighting
 11051 | Lair:2   | Found a staircase to the Swamp.
 11257 | Lair:2   | Noticed a six-headed hydra
 11282 | Lair:2   | Killed a six-headed hydra
 11460 | Lair:2   | Found a staircase to the Snake Pit.
 11701 | Lair:3   | Noticed Gastronok
 11719 | Lair:3   | Killed Gastronok
 11917 | Lair:3   | Reached **** piety under Ashenzari
 12062 | Lair:3   | Noticed a six-headed hydra
 12310 | Lair:3   | Reached skill level 9 in Short Blades
 12382 | Lair:3   | Killed a six-headed hydra
 12382 | Lair:3   | Reached XP level 13. HP: 65/65 MP: 26/26
 12779 | Lair:3   | Identified a scroll of acquirement
 12854 | Lair:3   | Reached skill level 1 in Evocations
 13803 | Lair:4   | Reached ***** piety under Ashenzari
 14442 | Lair:5   | Identified the +0 scale mail of the Shining Light {rC- Dex+8 Slay-4 Stlth+}
 15313 | Lair:6   | Entered Level 6 of the Lair of Beasts
 15634 | Lair:6   | Reached XP level 14. HP: 63/72 MP: 23/28
 15820 | Lair:6   | Reached skill level 5 in Evocations
 15825 | Lair:6   | Reached skill level 10 in Short Blades
 16104 | Lair:6   | Found a staircase to the Slime Pits.
 16575 | Lair:6   | HP: 3/72 [four-headed hydra (1)]
 16575 | Lair:6   | Slain by a four-headed hydra

Skill      XL: |  1  2  3  4  5  6  7  8  9 10 11 12 13 14 |
---------------+-------------------------------------------+-----
Stealth        | 4 5 7 8 9 |  9.9
Short Blades   | 1 2 3 4 5 6 8 9 10 | 10.3
Dodging        | 2 3 4 5 6 7 8 |  8.8
Ice Magic      | 1 4 6 |  6.7
Hexes          | 5 7 8 9 |  9.8
Spellcasting   | 3 4 5 6 8 9 |  9.8
Fighting       | 1 3 4 5 7 |  7.8
Shields        | 2 3 |  3.8
Evocations     | 4 5 |  5.7

Action                   |  1- 3 |  4- 6 |  7- 9 | 10-12 | 13-15 || total
-------------------------+-------+-------+-------+-------+-------++-------
Melee: Dagger            |   105 |   239 |   234 |   266 |       ||   844
       Bite              |    21 |    59 |    67 |    92 |    82 ||   321
       Rapier            |       |       |       |   115 |   337 ||   452
Throw: Stone             |       |     4 |       |       |    25 ||    29
       Tomahawk          |       |     7 |       |     2 |       ||     9
       Throwing net      |       |       |     3 |       |       ||     3
 Cast: Ensorcelled Hiber |     3 |    21 |    45 |   137 |   208 ||   414
       Confuse           |       |     3 |    13 |    27 |     6 ||    49
       Corona            |       |       |     4 |     5 |       ||     9
       Repel Missiles    |       |       |       |     1 |       ||     1
Invok: Curse Item        |       |       |     3 |     3 |     1 ||     7
       Scrying           |       |       |       |     2 |       ||     2
 Abil: Evoke Invisibilit |       |       |       |       |     3 ||     3
Evoke: Wand              |       |       |       |       |     2 ||     2
  Use: Scroll            |       |       |    10 |    11 |     4 ||    25
 Stab: Sleeping          |    11 |    14 |    34 |    95 |   121 ||   275
       Distracted        |       |     3 |       |     3 |     2 ||     8
       Confused          |       |     2 |     5 |    19 |     2 ||    28
       Held in net/web   |       |     1 |       |       |       ||     1
       Invisible         |       |       |       |       |    20 ||    20
  Eat: Chunk             |     1 |     8 |    13 |    20 |    14 ||    56
       Bread ration      |       |       |       |     1 |       ||     1
       Pizza             |       |       |       |     1 |       ||     1
Armor: Robe              |    15 |    67 |    40 |    37 |       ||   159
       Leather armour    |       |       |       |    14 |    55 ||    69
Dodge: Dodged            |    49 |   112 |   101 |   144 |   225 ||   631
Block: Other             |     6 |    20 |    18 |     2 |       ||    46
       Reflection        |       |     1 |     1 |       |       ||     2
       Buckler           |       |       |       |    82 |   126 ||   208
